Map: Orbital Shipyard

Players

TenaciousNgu - Winner!

  • Race: Zerg Zerg
  • League: Silver

ImmortalZodd

  • Race: Zerg Zerg
  • League: Silver

VOD

Have the link to the VOD?

Description

Time

  • Played on: Jan. 29, 2016, 4:07 p.m.
  • Length: 8:52
Show
View Real Time Build Order
Export as new Build Order

TenaciousNgu Zerg - Winner!

Build Orders: Hatch First, Zergling Baneling 

Get SALT Encoding   

  12  0:02  Drone  
  13  0:08  Drone  
  14  0:18  Overlord  
  14  0:42  Drone x2  
  16  0:43  Drone  
  17  0:57  Hatchery  
  17  1:03  Drone  
  17  1:08  Drone  
  18  1:31  Spawning Pool  
  17  1:33  Extractor  
  17  1:38  Drone  
  17  1:39  Drone  
  18  1:50  Drone x2  
  20  2:03  Overlord, Extractor  
  19  2:25  Zergling x4  
  19  2:26  Baneling Nest  
  20  2:36  Drone  
  21  2:43  Zergling x6  
  23  2:54  Zergling x2  
  23  2:57  Drone x2  
  26  3:11  Zergling x4  
  28  3:16  Queen x2  
  32  3:21  Baneling  
  32  3:22  Baneling x2  
  32  3:28  Metabolic Boost  
  32  3:32  Drone x2  
  32  3:34  Drone x2  
  36  4:01  Baneling  
  36  4:02  Baneling x4  
  36  4:03  Baneling x5  
  36  4:06  Baneling  
  36  4:11  Overlord x2  
  28  4:39  Zergling x12  
  34  4:52  Zergling x2  
  35  4:53  Zergling x2  
  35  4:59  Lair  
  36  5:01  Hatchery  
  36  5:03  Zergling x4  
  37  5:11  Spine Crawler  
  36  5:15  Baneling  
  36  5:16  Baneling x2  
  36  5:17  Zergling x4  
  36  5:18  Zergling x10  
  37  5:37  Zergling x4  
  37  5:38  Zergling x2  
  35  6:05  Spire  
  35  6:06  Zergling x12  
  40  6:15  Baneling x3  
  31  6:57  Zergling x2  
  31  6:58  Zergling x10  
  34  7:06  Baneling  
  34  7:07  Baneling  
  33  7:14  Zergling x10  
  36  7:41  Zergling x2  
  36  7:42  Zergling x18  
  46  8:03  Mutalisk x4  
  46  8:04  Mutalisk  
Show
View Real Time Build Order
Export as new Build Order

ImmortalZodd Zerg 

Build Orders: Pool First 

Get SALT Encoding   

  12  0:01  Drone  
  13  0:07  Drone  
  14  0:17  Drone, Extractor  
  15  0:31  Spawning Pool  
  14  0:38  Overlord  
  14  1:04  Hatchery  
  13  1:16  Drone x2  
  13  1:17  Drone  
  16  1:20  Extractor  
  15  1:28  Zergling x2  
  16  1:39  Zergling x2  
  17  1:46  Queen  
  19  1:52  Zergling x2  
  20  2:00  Drone  
  21  2:12  Drone  
  22  2:19  Drone  
  23  2:25  Roach Warren  
  23  2:27  Queen  
  24  2:31  Drone x2  
  24  2:33  Drone  
  27  2:46  Drone  
  27  2:47  Overlord  
  28  2:51  Metabolic Boost  
  28  3:11  Roach  
  28  3:12  Roach x3  
  36  3:48  Overlord x4  
  36  3:59  Baneling Nest  
  36  4:00  Evolution Chamber  
  34  4:09  Spine Crawler  
  33  4:10  Roach x2, Zergling x2  
  33  4:11  Roach x2  
  42  4:19  Spine Crawler  
  25  5:01  Drone x5  
  25  5:02  Drone  
  19  5:54  Roach x2  
  19  6:07  Zergling x12  
  19  6:08  Zergling x4  
  25  6:33  Roach x3  
  25  6:50  Roach x2  
  23  7:04  Roach  
  25  7:18  Spine Crawler  
  24  7:30  Spine Crawler  
  24  7:34  Drone  
  22  7:55  Drone  
  22  7:56  Drone  
  24  8:16  Spine Crawler  
Tags
 
Add a new tag
Caveats
  • Supply blocks, unpowered buildings, or Contaminate may cause inaccurate times.
  • Supply counts are checked every 10 seconds.